 Dungeon Crawl Stone Soup version 0.21.0-37-g46506fa (webtiles) character file.

9498 Hillary the Fighter (level 11, -5/89 HPs)
             Began as a Gnoll Abyssal Knight on Feb 1, 2018.
             Was a High Priest of Lugonu.
             Killed by divine providence
             ... invoked by an orc priest
              (14 damage)
             ... on level 10 of the Dungeon.
             The game lasted 00:19:05 (10023 turns).

Hillary the Fighter (Gnoll Abyssal Knight)         Turns: 10023, Time: 00:19:05

Health: -5/89      AC: 26    Str: 19      XL:     11   Next: 47%
Magic:  20/20      EV: 11    Int: 13 (14) God:    Lugonu [*****.]
Gold:   33         SH:  5    Dex: 14      Spells: 22/22 levels left

rFire    . . .     SeeInvis +   G - +4 hand axe
rCold    . . .     Gourm    .   h - +0 buckler
rNeg     . . .     Faith    .   g - +12 chain mail of Gatwelom {+Blink rPois}
rPois    +         Spirit   .   u - +1 helmet of Mysticism {SInv}
rElec    .         Reflect  .   (no cloak)
rCorr    .         Harm     .   Q - +0 pair of gloves
MR       +....                  (no boots)
Stlth    ..........             (no amulet)
HPRegen  0.24/turn              I - ring of poison resistance
MPRegen  0.17/turn              H - ring of protection from magic

@: no status effects
A: distributed training, fangs 1, strong nose
a: Depart the Abyss, Bend Space, Banish, Corrupt, Enter the Abyss, Renounce
Religion, Evoke Blink


You were on level 10 of the Dungeon.
You worshipped Lugonu.
Lugonu was extremely pleased with you.
You were hungry.

You visited 1 branch of the dungeon, and saw 10 of its levels.
You visited the Abyss 1 time.
You also visited: Sewer.

You collected 453 gold pieces.
You spent 420 gold pieces at shops.

Inventory:

Hand Weapons
 A - a +2 vampiric halberd
 E - a +2 hand axe of electrocution
 G - a +4 hand axe (weapon)
 O - a +1 hand axe of flaming
Missiles
 m - 62 sling bullets
 F - 3 throwing nets (quivered)
Armour
 b - a +0 leather armour
 g - the +12 chain mail of Gatwelom (worn) {+Blink rPois}
   (You found it on level 2 of the Abyss)

   It protects you from poison.
   It lets you blink.
 h - a +0 buckler (worn)
 u - the +1 helmet of Mysticism (worn) {SInv}
   (You found it on level 5 of the Dungeon)

   It lets you see invisible.
 Q - a +0 pair of gloves (worn)
Magical Staves
 w - an uncursed staff of wizardry {unknown}
Jewellery
 a - an uncursed amulet of rage
 d - an uncursed ring of fire
 n - an uncursed ring of resist corrosion
 y - an uncursed ring of positive energy
 H - a ring of protection from magic (right hand)
 I - a ring of poison resistance (left hand)
Wands
 z - a wand of paralysis (25)
 B - a wand of iceblast (4)
 D - a wand of flame (37)
Scrolls
 e - a scroll of fear
 f - 3 scrolls of enchant armour {unknown}
 j - 4 scrolls of amnesia {unknown}
 l - 6 scrolls of identify
 t - 4 scrolls of teleportation
 v - 4 scrolls of remove curse {unknown}
 x - a scroll of acquirement {unknown}
 C - a scroll of magic mapping {unknown}
 N - a scroll of enchant weapon {unknown}
Potions
 i - 2 potions of berserk rage
 k - 2 potions of lignification {unknown}
 o - 2 potions of haste {unknown}
 p - 2 potions of heal wounds
 q - a potion of agility {unknown}
 r - 2 potions of mutation
 s - 5 potions of curing {unknown}
 K - a potion of resistance
 L - a potion of brilliance {unknown}
 M - 3 potions of might
Books
 J - a book of Annihilations

   Spells                             Type                      Level
   a - Poison Arrow                   Conjuration/Poison           6
   b - Chain Lightning                Conjuration/Air              8
   c - Lehudib's Crystal Spear        Conjuration/Earth            8
   d - Glaciate                       Conjuration/Ice              9
   e - Fire Storm                     Conjuration/Fire             9
Comestibles
 c - 22 rations


   Skills:
 + Level 9.1 Fighting
 + Level 6.2 Short Blades
 + Level 6.2 Long Blades
 + Level 7.8 Axes
 + Level 6.2 Maces & Flails
 + Level 6.2 Polearms
 + Level 6.2 Staves
 + Level 6.2 Slings
 + Level 6.2 Bows
 + Level 6.2 Crossbows
 + Level 6.2 Throwing
 + Level 7.8 Armour
 + Level 6.8 Dodging
 + Level 6.2 Stealth
 + Level 6.2 Shields
 + Level 6.2 Unarmed Combat
 + Level 6.2 Spellcasting
 + Level 5.1 Conjurations
 + Level 5.1 Hexes
 + Level 5.1 Charms
 + Level 5.1 Summonings
 + Level 5.1 Necromancy
 + Level 5.1 Translocations
 + Level 5.1 Transmutations
 + Level 5.1 Fire Magic
 + Level 5.1 Ice Magic
 + Level 5.1 Air Magic
 + Level 5.1 Earth Magic
 + Level 5.1 Poison Magic
 + Level 8.3 Invocations
 + Level 6.2 Evocations


You had 22 spell levels left.
You didn't know any spells.

Dungeon Overview and Level Annotations

Branches:
Dungeon (10/15)            Temple (0/1) D:6            Lair (0/6) D:10
    Orc: D:9-12

Altars:
Hepliaklqana
Kikubaaqudgha
Makhleb
Okawaru
Sif Muna
Trog
Vehumet
The Shining One

Shops:
D:4 ?   D:8 !   D:10 ???


Innate Abilities, Weirdness & Mutations

Your experience applies equally to all skills.
You have very sharp teeth.
Your uncanny sense of smell can sniff out nearby items.


Message History

The puff of frost hits you!
* * * LOW HITPOINT WARNING * * *
You slash the orc wizard!
The orc wizard is severely wounded.
You block the orc wizard's attack. The orc wizard casts a spell at you.
The magic dart hits you!
You hit the orc wizard.
The orc wizard is almost dead.
The orc wizard casts a spell.
The orc wizard flickers and vanishes for a moment.
The orc priest mumbles some strange prayers to Beogh against you.
Beogh smites you!
* * * LOW HITPOINT WARNING * * *
The orc wizard gestures at you while chanting.
The magic dart hits you!
* * * LOW HITPOINT WARNING * * *
The orc priest calls down the wrath of Beogh upon you.
Beogh smites you!
You die...

#..##...####....###.#
#...................#
....................#
'##############.....#
..............#.....#
........ .....#.###.#
........ ....#.###.#
######.. #...#.....#
⌠###...#.@...#
......Y#o###.#
⌠.....Y#.# #.#
.......YY# #.#
.....Y.#o# #.#
###'####.....#
####### .. oo....#
......## ..###.#
......# ..# #


You could see 2 yaks, 2 orc priests, an orc wizard (invisible) and an orc.

Vanquished Creatures
  2 two-headed ogres
  The ghost of ShadedKnight the Insei, a novice GnTm of Wu Jian (D:6)
  An orange crystal statue (D:10)
  A deep elf mage (D:10)
  The ghost of pokedragonboy the Frost Mage, a novice DEIE of Vehumet (D:7)
  A troll (D:10)
  2 hornets
  2 wyverns
  3 yaks (D:9)
  The ghost of BisonMan the Covered, an amateur MiFi (D:4)
  A hungry ghost (D:9)
  6 orc warriors
  A black bear (D:9)
  An ice beast (D:6)
  2 sky beasts
  Purgy (Sewer)
  2 phantoms
  4 ogres
  3 centaurs
  A big kobold (Sewer)
  9 bullfrogs
  2 wyvern zombies
  3 scorpions
  4 killer bees (D:9)
  3 howler monkeys
  4 crimson imps
  A bullfrog zombie (D:5)
  A centaur zombie (D:9)
  8 hounds
  14 orc priests
  A jelly (D:8)
  11 orc wizards
  A centaur skeleton (D:10)
  3 bullfrog skeletons
  Jessica (D:3)
  A gnoll shaman (D:6)
  6 worker ants
  A howler monkey zombie (D:2)
  17 gnolls
  A worker ant zombie (D:4)
  12 adders
  A river rat (D:3)
  4 shadow imps
  An adder zombie (D:2)
  2 adder skeletons
  2 worms (D:3)
  6 dart slugs
  4 leopard geckos
  58 orcs
  6 bats
  A bat skeleton (D:2)
  8 giant cockroaches
  7 goblins
  2 hobgoblins (D:1)
  14 jackals
  9 kobolds
  3 quokkas
  2 ball pythons (D:3)
  A ball python skeleton (D:6)
  3 frilled lizards
  A leopard gecko skeleton (D:6)
  2 leopard gecko zombies
  A quokka skeleton (D:2)
  A quokka zombie (D:8)
  7 rats
287 creatures vanquished.

Notes
Turn   | Place    | Note
-------+----------+-------------------------------------------
     0 | Abyss:1  | Hillary the Gnoll Abyssal Knight began the quest for the Orb.
     0 | Abyss:1  | Reached XP level 1. HP: 23/23 MP: 3/3
    54 | Abyss:2  | Got a black opal-encrusted chain mail
    65 | Abyss:2  | Identified the +12 chain mail of Gatwelom {+Blink rPois} (You found it on level 2 of the Abyss)
    91 | Abyss:2  | Noticed a thrashing horror
    92 | Abyss:2  | Noticed a sky beast
    92 | D:1      | Escaped the Abyss
   307 | D:1      | Reached XP level 2. HP: 25/29 MP: 5/5
   365 | D:1      | Reached * piety under Lugonu
   494 | D:1      | Reached XP level 3. HP: 35/35 MP: 6/6
   943 | D:2      | Reached skill level 1 in Short Blades
   943 | D:2      | Reached skill level 1 in Long Blades
   943 | D:2      | Reached skill level 1 in Maces & Flails
   943 | D:2      | Reached skill level 1 in Polearms
   943 | D:2      | Reached skill level 1 in Staves
   943 | D:2      | Reached skill level 1 in Slings
   943 | D:2      | Reached skill level 1 in Bows
   943 | D:2      | Reached skill level 1 in Crossbows
   943 | D:2      | Reached skill level 1 in Throwing
   943 | D:2      | Reached skill level 1 in Stealth
   943 | D:2      | Reached skill level 1 in Shields
   943 | D:2      | Reached skill level 1 in Unarmed Combat
   943 | D:2      | Reached skill level 1 in Spellcasting
   943 | D:2      | Reached skill level 1 in Evocations
   985 | D:2      | Reached XP level 4. HP: 41/41 MP: 7/7
   995 | D:2      | Reached ** piety under Lugonu
  1627 | D:3      | Noticed Jessica
  1633 | D:3      | Killed Jessica
  1633 | D:3      | Reached skill level 1 in Conjurations
  1633 | D:3      | Reached skill level 1 in Hexes
  1633 | D:3      | Reached skill level 1 in Charms
  1633 | D:3      | Reached skill level 1 in Summonings
  1633 | D:3      | Reached skill level 1 in Necromancy
  1633 | D:3      | Reached skill level 1 in Translocations
  1633 | D:3      | Reached skill level 1 in Transmutations
  1633 | D:3      | Reached skill level 1 in Fire Magic
  1633 | D:3      | Reached skill level 1 in Ice Magic
  1633 | D:3      | Reached skill level 1 in Air Magic
  1633 | D:3      | Reached skill level 1 in Earth Magic
  1633 | D:3      | Reached skill level 1 in Poison Magic
  1675 | D:3      | Reached XP level 5. HP: 26/47 MP: 8/8
  1834 | D:3      | Found a glowing drain.
  1838 | Sewer    | Entered a sewer
  1914 | Sewer    | Noticed Purgy
  1949 | Sewer    | Killed Purgy
  1949 | Sewer    | Reached skill level 5 in Invocations
  1949 | Sewer    | Reached XP level 6. HP: 36/53 MP: 9/9
  2073 | Sewer    | Reached skill level 5 in Axes
  2073 | Sewer    | Reached skill level 5 in Armour
  2119 | D:3      | Reached *** piety under Lugonu
  2704 | D:4      | Found Rimmergh's Magic Scroll Shoppe.
  2723 | D:4      | Reached XP level 7. HP: 54/59 MP: 10/10
  2767 | D:4      | Noticed BisonMan's ghost (amateur MiFi)
  2776 | D:4      | Killed BisonMan's ghost
  2776 | D:4      | Reached skill level 7 in Fighting
  3441 | D:5      | Entered Level 5 of the Dungeon
  3448 | D:5      | Got a spiked helmet
  3454 | D:5      | Identified the +1 helmet of Mysticism {SInv} (You found it on level 5 of the Dungeon)
  3819 | D:5      | Found a radiant altar of Vehumet.
  3820 | D:5      | Reached **** piety under Lugonu
  3945 | D:5      | Reached XP level 8. HP: 64/67 MP: 12/12
  4037 | D:5      | Found a glowing golden altar of the Shining One.
  4037 | D:5      | Found a deep blue altar of Sif Muna.
  4224 | D:6      | Noticed a two-headed ogre
  4339 | D:6      | Killed a two-headed ogre
  4339 | D:6      | Reached XP level 9. HP: 36/72 MP: 12/14
  4566 | D:6      | Noticed ShadedKnight's ghost (novice GnTm)
  4589 | D:6      | Killed ShadedKnight's ghost
  4589 | D:6      | Reached skill level 5 in Dodging
  4876 | D:6      | Reached skill level 8 in Fighting
  5255 | D:6      | Found a staircase to the Ecumenical Temple.
  5559 | D:7      | Noticed pokedragonboy's ghost (novice DEIE)
  5567 | D:7      | Noticed a hornet
  5568 | D:7      | Killed pokedragonboy's ghost
  5568 | D:7      | Reached XP level 10. HP: 51/80 MP: 15/17
  5599 | D:7      | Reached ***** piety under Lugonu
  5905 | D:7      | Reached skill level 5 in Short Blades
  5905 | D:7      | Reached skill level 5 in Long Blades
  5905 | D:7      | Reached skill level 5 in Maces & Flails
  5905 | D:7      | Reached skill level 5 in Polearms
  5905 | D:7      | Reached skill level 5 in Staves
  5905 | D:7      | Reached skill level 5 in Slings
  5905 | D:7      | Reached skill level 5 in Bows
  5905 | D:7      | Reached skill level 5 in Crossbows
  5905 | D:7      | Reached skill level 5 in Throwing
  5905 | D:7      | Reached skill level 5 in Stealth
  5905 | D:7      | Reached skill level 5 in Shields
  5905 | D:7      | Reached skill level 5 in Unarmed Combat
  5905 | D:7      | Reached skill level 5 in Spellcasting
  5905 | D:7      | Reached skill level 5 in Evocations
  6051 | D:7      | Found a glowing golden altar of the Shining One.
  6300 | D:7      | Found an ancient bone altar of Kikubaaqudgha.
  6873 | D:8      | Found a hazy altar of Hepliaklqana.
  6972 | D:8      | Found Peprish's Distillery.
  7000 | D:8      | Bought a potion of might for 64 gold pieces
  7000 | D:8      | Bought a potion of heal wounds for 80 gold pieces
  7000 | D:8      | Bought a potion of mutation for 128 gold pieces
  7000 | D:8      | Bought a potion of might for 64 gold pieces
  8133 | D:9      | Reached XP level 11. HP: 81/87 MP: 19/19
  8297 | D:9      | Noticed a two-headed ogre
  8311 | D:9      | Killed a two-headed ogre
  8561 | D:9      | Found a bloodstained altar of Trog.
  8562 | D:9      | Found an iron altar of Okawaru.
  9054 | D:9      | Found a burning altar of Makhleb.
  9163 | D:9      | Reached skill level 9 in Fighting
  9276 | D:10     | Entered Level 10 of the Dungeon
  9316 | D:10     | Found Ahak's Magic Scroll Shoppe.
  9325 | D:10     | Bought a scroll of teleportation for 42 gold pieces
  9325 | D:10     | Bought a scroll of teleportation for 42 gold pieces
  9421 | D:10     | Noticed a deep elf mage
  9431 | D:10     | Noticed a soul eater
  9444 | D:10     | Killed a deep elf mage
  9444 | D:10     | Reached skill level 5 in Conjurations
  9444 | D:10     | Reached skill level 5 in Hexes
  9444 | D:10     | Reached skill level 5 in Charms
  9444 | D:10     | Reached skill level 5 in Summonings
  9444 | D:10     | Reached skill level 5 in Necromancy
  9444 | D:10     | Reached skill level 5 in Translocations
  9444 | D:10     | Reached skill level 5 in Transmutations
  9444 | D:10     | Reached skill level 5 in Fire Magic
  9444 | D:10     | Reached skill level 5 in Ice Magic
  9444 | D:10     | Reached skill level 5 in Air Magic
  9444 | D:10     | Reached skill level 5 in Earth Magic
  9444 | D:10     | Reached skill level 5 in Poison Magic
  9668 | D:10     | Paralysed by a hornet for 3 turns
  9751 | D:10     | Found a staircase to the Lair.
  9771 | D:10     | Noticed an orange crystal statue
  9791 | D:10     | Killed an orange crystal statue
  9846 | D:10     | Found Emihaim's Magic Scroll Boutique.
  9912 | D:10     | Found Ynyixan's Magic Scroll Boutique.
 10023 | D:10     | Killed from afar by an orc priest

Skill      XL: |  1  2  3  4  5  6  7  8  9 10 11 |
---------------+----------------------------------+-----
Short Blades   | 1 2 3 4 5 6 |  6.2
Long Blades    | 1 2 3 4 5 6 |  6.2
Maces & Flails | 1 2 3 4 5 6 |  6.2
Polearms       | 1 2 3 4 5 6 |  6.2
Staves         | 1 2 3 4 5 6 |  6.2
Slings         | 1 2 3 4 5 6 |  6.2
Bows           | 1 2 3 4 5 6 |  6.2
Crossbows      | 1 2 3 4 5 6 |  6.2
Throwing       | 1 2 3 4 5 6 |  6.2
Stealth        | 1 2 3 4 5 6 |  6.2
Shields        | 1 2 3 4 5 6 |  6.2
Unarmed Combat | 1 2 3 4 5 6 |  6.2
Spellcasting   | 1 2 3 4 5 6 |  6.2
Evocations     | 1 2 3 4 5 6 |  6.2
Conjurations   | 1 2 3 4 5 |  5.1
Hexes          | 1 2 3 4 5 |  5.1
Charms         | 1 2 3 4 5 |  5.1
Summonings     | 1 2 3 4 5 |  5.1
Necromancy     | 1 2 3 4 5 |  5.1
Translocations | 1 2 3 4 5 |  5.1
Transmutations | 1 2 3 4 5 |  5.1
Fire Magic     | 1 2 3 4 5 |  5.1
Ice Magic      | 1 2 3 4 5 |  5.1
Air Magic      | 1 2 3 4 5 |  5.1
Earth Magic    | 1 2 3 4 5 |  5.1
Poison Magic   | 1 2 3 4 5 |  5.1
Dodging        | 3 4 5 6 |  6.8
Invocations    | 5 6 7 8 |  8.3
Axes           | 5 6 7 |  7.8
Armour         | 5 6 7 |  7.8
Fighting       | 7 8 9 |  9.1

Action                   |  1- 3 |  4- 6 |  7- 9 | 10-12 || total
-------------------------+-------+-------+-------+-------++-------
Melee: Hand axe          |    97 |   222 |   221 |   482 ||  1022
       Bite              |    12 |    17 |    32 |    65 ||   126
       Punch             |     1 |       |       |       ||     1
       Whip              |       |       |    79 |       ||    79
Invok: Depart the Abyss  |     1 |       |       |       ||     1
Evoke: Wand              |       |       |     4 |    17 ||    21
  Use: Scroll            |       |     1 |     1 |       ||     2
       Potion            |       |       |     1 |       ||     1
 Stab: Paralysed         |       |       |       |     6 ||     6
  Eat: Chunk             |       |     6 |    10 |    14 ||    30
Armor: Chain mail        |    53 |   172 |   190 |   259 ||   674
Dodge: Dodged            |    35 |   100 |   132 |   223 ||   490
Block: Buckler           |       |    46 |    70 |   116 ||   232
